Map: Deathaura LE

Players

Namshar

  • Race: Zerg Zerg
  • League: Grandmaster
  • Spawn Location: 11:00

MaSa - Winner!

  • Race: Terran Terran
  • League: Master
  • Spawn Location: 5:00

Event: DreamHack SC2 Masters 2020 Winter

VOD

Have the link to the VOD?

Description

Time

  • Played on: Oct. 28, 2020, 5:49 p.m.
  • Length: 18:38

All games in this series

Show
View Real Time Build Order
Export as new Build Order

Namshar Zerg 

Build Orders: Hatch First 

Get SALT Encoding   

  12  0:00  Drone  
  13  0:12  Overlord  
  13  0:17  Drone  
  14  0:30  Drone x2  
  16  0:47  Hatchery  
  15  0:50  Drone  
  15  0:54  Drone  
  17  0:57  Drone  
  18  1:07  Extractor  
  17  1:12  Spawning Pool  
  17  1:16  Drone  
  17  1:19  Drone  
  18  1:28  Drone  
  19  1:38  Drone  
  20  1:49  Drone  
  21  1:59  Queen x2  
  21  2:00  Zergling x4  
  27  2:12  Hatchery  
  26  2:17  Overlord  
  26  2:20  Drone  
  26  2:22  Drone  
  28  2:31  Metabolic Boost  
  28  2:37  Drone x3  
  28  2:44  Drone, Overlord  
  31  2:50  Queen  
  33  2:53  Drone  
  34  2:59  Drone  
  34  3:04  Drone x2  
  37  3:10  Drone x3  
  40  3:15  Drone  
  40  3:16  Queen  
  43  3:22  Overlord  
  43  3:25  Queen  
  45  3:29  Queen  
  45  3:31  Drone  
  45  3:34  Drone  
  49  3:40  Overlord x2  
  49  3:43  Overlord  
  49  3:46  Drone x2  
  49  3:48  Drone  
  52  4:02  Drone x9  
  60  4:12  Zergling x4  
  60  4:15  Baneling Nest  
  61  4:18  Extractor  
  61  4:19  Queen, Extractor  
  61  4:25  Zergling x4  
  61  4:26  Zergling x8  
  61  4:28  Lair  
  61  4:30  Drone, Spore Crawler  
  61  4:31  Drone  
  66  4:39  Evolution Chamber  
  61  4:46  Drone x9  
  61  4:50  Drone  
  71  4:54  Drone x2  
  71  4:58  Spore Crawler  
  71  4:59  Spore Crawler  
  71  5:01  Drone x2  
  73  5:07  Evolution Chamber x2  
  73  5:13  Drone x5  
  72  5:20  Hatchery  
  71  5:23  Drone x2  
  71  5:25  Overlord x2  
  73  5:31  Extractor  
  73  5:33  Overseer  
  72  5:36  Centrifical Hooks  
  72  5:38  Drone  
  73  5:45  Drone x6  
  73  5:47  Drone  
  73  5:48  Drone x3  
  81  5:57  Spire, Zergling x2  
  81  5:58  Zergling x10  
  81  6:03  Extractor x2  
  78  6:25  Drone  
  78  6:26  Drone x4  
  78  6:28  Drone x3  
  78  6:31  Zerg Melee Weapons Level 1, Zerg Missile Weapons Level 1  
  78  6:32  Roach Warren  
  82  6:33  Drone x5  
  82  6:39  Drone  
  89  6:40  Drone x2  
  89  6:45  Overlord  
  90  6:47  Drone  
  90  6:51  Drone x4  
  95  7:04  Drone x4  
  96  7:11  Extractor, Overlord x2  
  96  7:12  Extractor, Zerg Flyer Weapons Level 1, Glial Reconstitution  
  96  7:13  Roach x4  
  102  7:22  Overlord  
  102  7:23  Overlord x3  
  102  7:29  Overlord x2  
  102  7:31  Drone  
  102  7:32  Drone x5  
  102  7:33  Overlord x2  
  102  7:35  Corruptor x2  
  112  7:37  Ravager x3  
  112  7:38  Baneling, Ravager  
  112  7:39  Baneling x7  
  112  7:43  Roach x4  
  124  7:52  Corruptor  
  124  7:53  Corruptor x2  
  130  8:01  Corruptor  
  132  8:08  Drone  
  132  8:11  Drone  
  132  8:12  Drone x7  
  141  8:14  Drone x2  
  141  8:19  Hatchery  
  142  8:23  Roach x2  
  146  8:29  Ravager x3  
  146  8:30  Ravager  
  146  8:31  Hatchery  
  148  8:39  Corruptor x5  
  155  8:45  Corruptor  
  155  8:47  Overlord  
  155  8:48  Overlord x2  
  151  8:49  Queen  
  151  8:51  Drone  
  151  8:52  Spine Crawler  
  151  8:53  Corruptor x2, Spine Crawler  
  156  8:58  Overlord x2  
  156  8:59  Overlord  
  156  9:05  Zerg Melee Weapons Level 2  
  156  9:12  Zergling x20  
  156  9:15  Baneling  
  156  9:16  Baneling x3, Zergling x2  
  167  9:17  Zergling x4  
  167  9:19  Ravager x2  
  167  9:21  Roach  
  169  9:30  Corruptor x2  
  170  9:32  Queen x4  
  170  9:34  Zerg Flyer Weapons Level 2  
  177  9:41  Drone x2  
  177  9:42  Drone, Spine Crawler  
  177  9:43  Spine Crawler  
  177  9:44  Drone x2, Spore Crawler  
  177  9:53  Baneling x9  
  177  9:54  Ravager  
  177  9:55  Zergling x2  
  177  9:56  Zergling x14  
  186  10:06  Zergling x10  
  191  10:13  Queen  
  192  10:20  Zergling x22, Roach  
  184  10:22  Zergling x4, Roach  
  184  10:25  Roach  
  180  10:30  Zergling x4, Roach  
  174  10:36  Zergling x8, Roach  
  174  10:39  Zergling x4, Roach  
  164  10:47  Roach x9  
  164  10:49  Drone  
  176  10:51  Infestation Pit  
  176  10:53  Queen x2  
  176  10:57  Baneling x14, Ravager  
  175  10:58  Ravager x3  
  179  11:04  Baneling x9  
  179  11:06  Ravager  
  179  11:07  Drone x3  
  179  11:08  Drone  
  184  11:19  Zergling x16, Roach  
  184  11:20  Zergling x6  
  190  11:37  Corruptor x3  
  187  11:40  Zergling x2, Roach  
  187  11:41  Zergling x18  
  187  11:43  Zergling x2  
  195  11:52  Hive  
  195  11:53  Zerg Missile Weapons Level 2, Zerg Ground Armor Level 1  
  195  12:00  Ravager x5  
  199  12:03  Baneling x16  
  199  12:07  Hatchery, Spine Crawler  
  199  12:08  Spine Crawler  
  192  12:23  Baneling  
  192  12:24  Baneling x13  
  192  12:28  Zergling x14  
  199  12:36  Zergling x20  
  199  12:37  Zergling x14  
  193  12:46  Zergling x2, Roach  
  193  12:50  Zergling x2  
  193  12:51  Roach, Zergling x4  
  185  12:54  Roach  
  185  12:57  Pneumatized Carapace  
  172  12:58  Corruptor x3  
  172  12:59  Queen  
  172  13:04  Corruptor x2  
  179  13:16  Corruptor  
  179  13:17  Corruptor x3  
  185  13:23  Corruptor  
  185  13:24  Corruptor  
  185  13:26  Hatchery  
  186  13:27  Hatchery  
  186  13:28  Baneling x9  
  186  13:29  Roach  
  185  13:35  Drone x2  
  189  13:41  Ravager x3  
  189  13:47  Unknown, Zergling x14, Roach  
  192  13:50  Unknown  
  192  13:54  Zergling x12, Roach  
  189  14:00  Zergling x10  
  189  14:02  Baneling x2  
  180  14:06  Baneling x9  
  180  14:07  Baneling x5  
  179  14:10  Baneling  
  179  14:11  Baneling  
  179  14:20  Baneling x5  
  176  14:26  Zergling x26, Roach  
  176  14:29  Baneling x15  
  187  14:44  Zergling x22, Roach  
  187  14:45  Zergling x6  
  179  15:03  Zergling x12, Roach  
  176  15:11  Corruptor x2  
  176  15:13  Zergling x22, Roach  
  176  15:14  Hatchery  
  192  15:16  Corruptor  
  188  15:24  Baneling x7, Corruptor  
  190  15:30  Ravager x5  
  190  15:33  Zerg Melee Weapons Level 3  
  195  15:37  Zerg Ground Armor Level 2  
  195  15:39  Baneling x3  
  195  15:45  Zergling x6, Roach  
  193  16:03  Zergling x2  
  193  16:04  Roach, Zergling x10  
  176  16:16  Corruptor x2  
  150  16:30  Zergling x20, Roach  
  162  16:34  Baneling x2  
  162  16:35  Baneling x10  
  162  16:36  Ravager x3  
  163  16:53  Corruptor x3  
  162  17:01  Zergling x8, Roach  
  145  17:15  Drone x3  
  148  17:17  Baneling  
  148  17:18  Baneling x4  
  148  17:23  Drone  
  148  17:26  Baneling x2  
  148  17:27  Ravager  
  128  17:42  Hatchery  
  128  17:43  Zergling x28, Roach  
  117  18:02  Roach x6  
  117  18:03  Roach x2  
  117  18:04  Baneling x6  
  133  18:05  Baneling  
  124  18:22  Hatchery  
Show
View Real Time Build Order
Export as new Build Order

MaSa Terran - Winner!

Build Orders: Reaper Expand, Mech 

Get SALT Encoding   

  12  0:00  SCV  
  13  0:12  SCV  
  14  0:16  Supply Depot  
  14  0:24  SCV  
  15  0:38  SCV  
  15  0:39  Barracks  
  16  0:42  Refinery  
  16  0:50  SCV  
  17  1:02  SCV  
  18  1:14  SCV  
  19  1:26  Orbital Command, Reaper  
  20  1:38  Command Center  
  20  1:44  Supply Depot  
  20  1:52  SCV  
  21  1:58  Marine  
  22  2:05  SCV  
  23  2:08  Factory  
  23  2:16  Marine  
  23  2:19  SCV  
  25  2:31  SCV  
  26  2:37  Command Center  
  26  2:38  Barracks Reactor  
  26  2:43  SCV  
  27  2:52  Orbital Command  
  27  2:53  Refinery  
  27  2:55  SCV  
  28  3:01  Starport  
  28  3:07  SCV  
  29  3:19  SCV, Hellion x2  
  34  3:21  SCV  
  35  3:31  SCV  
  36  3:41  Fusion Core  
  36  3:42  SCV  
  36  3:46  Hellion x2  
  36  3:47  SCV  
  42  3:50  Orbital Command  
  42  3:53  Starport Tech Lab  
  42  3:55  SCV  
  43  3:58  Refinery  
  43  4:01  SCV  
  44  4:07  SCV  
  45  4:10  Hellion  
  45  4:11  Hellion  
  45  4:13  SCV  
  51  4:17  SCV, Supply Depot  
  51  4:19  SCV  
  52  4:25  SCV  
  59  4:31  Battlecruiser  
  59  4:32  SCV  
  59  4:33  SCV  
  61  4:39  SCV  
  61  4:44  SCV  
  61  4:45  SCV  
  60  4:47  Hellion x2  
  60  4:48  Supply Depot  
  60  4:51  SCV  
  60  4:53  Supply Depot  
  60  4:57  SCV  
  60  4:58  Supply Depot, SCV  
  62  5:04  Barracks Tech Lab  
  62  5:06  Factory  
  62  5:08  Factory  
  62  5:12  SCV  
  62  5:14  Hellion x2  
  63  5:16  SCV  
  64  5:21  Refinery  
  64  5:22  Orbital Command, Weapon Refit  
  64  5:29  SCV  
  64  5:30  SCV  
  64  5:33  Barracks Tech Lab  
  66  5:38  Refinery  
  66  5:41  SCV  
  67  5:42  Refinery  
  67  5:44  SCV, Hellion x2  
  67  5:49  SCV  
  73  5:53  SCV  
  73  5:56  Battlecruiser  
  73  5:57  SCV  
  81  6:01  SCV  
  86  6:05  Engineering Bay  
  86  6:06  Hellion x2  
  86  6:07  Supply Depot, SCV  
  86  6:11  Supply Depot  
  87  6:12  SCV  
  87  6:14  SCV  
  89  6:22  Siege Tank, SCV  
  93  6:28  Siege Tank, SCV  
  101  6:33  SCV, Hellion x2  
  101  6:34  Supply Depot  
  101  6:36  Supply Depot  
  101  6:37  Supply Depot, SCV  
  103  6:41  SCV  
  103  6:45  Barracks Reactor  
  104  6:47  SCV  
  104  6:50  Armory  
  104  6:51  Factory, Supply Depot  
  104  6:52  Factory  
  109  6:54  Hellion x2  
  109  6:57  SCV  
  109  6:59  SCV  
  109  7:00  Siege Tank x2  
  115  7:08  SCV  
  116  7:09  SCV  
  116  7:14  Battlecruiser  
  123  7:16  Supply Depot  
  123  7:22  Command Center  
  123  7:23  SCV x2  
  123  7:25  SCV  
  123  7:28  Infernal Pre-Igniter  
  123  7:29  Mag-Field Accelerator  
  124  7:35  SCV  
  124  7:36  Factory Tech Lab  
  124  7:37  SCV  
  126  7:38  Terran Vehicle Weapons Level 1  
  126  7:39  SCV  
  126  7:42  Hellion x2  
  131  7:44  Hellion  
  131  7:47  Siege Tank, SCV  
  137  7:54  SCV x2  
  139  7:58  Missile Turret  
  139  7:59  Supply Depot  
  139  8:01  Supply Depot, Missile Turret  
  139  8:03  Siege Tank, Hellion  
  139  8:04  Supply Depot  
  144  8:06  SCV  
  144  8:11  SCV, Hellion  
  144  8:12  SCV  
  149  8:20  Siege Tank, SCV  
  149  8:24  SCV  
  149  8:25  Siege Tank  
  157  8:27  SCV  
  157  8:29  Hellion x3  
  164  8:35  Siege Tank  
  167  8:45  SCV  
  168  8:50  SCV  
  168  8:52  Siege Tank  
  168  8:53  Factory  
  172  8:57  Siege Tank  
  172  9:02  Missile Turret, Refinery  
  175  9:03  Refinery  
  175  9:06  SCV  
  175  9:07  Hellion x4  
  175  9:08  Siege Tank, Missile Turret  
  187  9:25  Siege Tank  
  187  9:29  Siege Tank, Hellion x2  
  187  9:30  SCV  
  176  9:39  Planetary Fortress  
  176  9:40  Siege Tank  
  179  9:48  Command Center  
  179  9:50  Command Center  
  179  9:51  SCV x2, Terran Vehicle Weapons Level 2  
  181  9:57  Siege Tank  
  182  10:01  Siege Tank  
  182  10:02  Factory Tech Lab  
  182  10:04  Factory  
  181  10:10  Factory Tech Lab  
  181  10:12  Siege Tank  
  178  10:15  Hellion x3  
  160  10:27  Hellion  
  147  10:29  Siege Tank  
  147  10:34  Cyclone  
  141  10:36  Hellion x3  
  141  10:37  SCV  
  138  10:44  Siege Tank  
  138  10:45  SCV x2  
  138  10:49  Armory, Hellion  
  145  10:51  Hellion  
  147  10:57  Siege Tank  
  147  11:01  Siege Tank  
  147  11:02  Factory Reactor  
  153  11:04  Hellion  
  153  11:05  Hellion  
  153  11:06  Siege Tank  
  153  11:07  Factory  
  153  11:09  Factory Reactor  
  160  11:12  Drilling Claws  
  160  11:13  Smart Servos  
  160  11:16  Cyclone  
  163  11:26  Hellion x2  
  163  11:29  Cyclone  
  167  11:33  Cyclone  
  167  11:34  Hellion x2  
  167  11:38  Cyclone  
  175  11:42  SCV  
  166  11:48  Cyclone, Hellion x4  
  166  11:54  Command Center  
  175  11:55  Command Center, Hellion  
  175  11:56  Hellion  
  175  12:00  Factory Tech Lab  
  179  12:01  Cyclone  
  179  12:05  Terran Vehicle And Ship Armor Level 1, Cyclone  
  185  12:09  Hellion  
  185  12:12  Hellion  
  185  12:13  Hellion x3  
  187  12:31  Hellion  
  187  12:32  Cyclone  
  187  12:36  Cyclone x2  
  186  12:38  Hellion  
  186  12:41  Cyclone x2  
  175  12:49  Hellion x2  
  170  12:57  Hellion  
  159  13:03  SCV  
  159  13:04  Cyclone  
  157  13:08  Siege Tank, Cyclone, Orbital Command  
  157  13:10  Command Center  
  163  13:13  Cyclone x2  
  163  13:14  Command Center  
  163  13:16  Sensor Tower  
  169  13:23  Battlecruiser  
  175  13:30  SCV x3  
  178  13:36  Siege Tank  
  178  13:38  Hellion  
  178  13:40  Siege Tank x2  
  189  13:45  Siege Tank  
  189  13:46  Planetary Fortress  
  189  13:47  SCV  
  193  13:57  Siege Tank  
  193  14:01  SCV x3  
  188  14:06  Terran Vehicle Weapons Level 3  
  188  14:08  Siege Tank  
  191  14:13  Armory  
  189  14:18  Siege Tank x2  
  189  14:22  SCV  
  194  14:25  Orbital Command  
  194  14:27  Siege Tank  
  194  14:28  Hellion  
  199  14:33  Siege Tank  
  188  14:40  Hellion  
  188  14:41  Siege Tank  
  188  14:43  Hellion x2  
  157  14:48  Refinery x2  
  157  14:50  Siege Tank  
  160  14:59  Siege Tank  
  165  15:00  Siege Tank  
  165  15:05  Siege Tank  
  165  15:06  Hellion x3  
  174  15:13  Siege Tank, Hellion x3  
  178  15:22  Siege Tank, Orbital Command  
  181  15:29  Command Center  
  181  15:31  Siege Tank, Hellion x2  
  181  15:32  Siege Tank  
  191  15:42  Hellion  
  193  15:46  Siege Tank  
  196  15:51  Missile Turret  
  196  15:53  Siege Tank  
  196  15:54  Sensor Tower  
  196  15:57  Siege Tank  
  196  15:58  Hellion x2  
  196  16:01  Hellion x2  
  188  16:05  Siege Tank  
  188  16:10  Siege Tank  
  188  16:11  Hellion  
  178  16:18  Siege Tank  
  160  16:22  SCV x2  
  160  16:25  Orbital Command  
  156  16:32  Hellion x4  
  161  16:35  SCV x3  
  164  16:42  Hellion x2  
  164  16:46  Siege Tank  
  171  16:48  Siege Tank  
  171  16:52  Hellion  
  168  16:54  SCV x3  
  165  17:03  Hellion x3  
  141  17:17  Cyclone x3  
  141  17:22  Hellion x3  
  158  17:23  Hellion  
  158  17:24  Cyclone  
  158  17:25  SCV  
  158  17:26  SCV  
  163  17:36  Hellion x3  
  155  17:44  Hellion x4  
  151  17:45  Hellion x6  
  148  17:55  Cyclone x2  
  148  17:57  Hellion  
  156  18:03  Missile Turret  
  156  18:04  Missile Turret  
  156  18:07  Hellion  
  156  18:10  Hellion  
  159  18:14  SCV  
  159  18:17  SCV x3  
  159  18:18  SCV  
  156  18:26  SCV  
Tags
 
Add a new tag
Caveats
  • Supply blocks, unpowered buildings, or Contaminate may cause inaccurate times.
  • Supply counts are checked every 10 seconds.